 Dungeon Crawl Stone Soup version 0.26-a0-712-ga5a9c9c9d0 (webtiles) character file.

Game seed: 17115359388592649726

200 Azzok the Chopper (level 5, -3/61 HPs)
             Began as a Demonspawn Berserker on Nov 9, 2020.
             Was a Believer of Trog.
             Killed from afar by Ijyb (11 damage)
             ... with a bolt of acid
             ... on level 3 of the Dungeon.
             The game lasted 00:01:54 (2783 turns).

Azzok the Chopper (Demonspawn Berserker)            Turns: 2783, Time: 00:01:55

Health: -3/61      AC: 11    Str: 18    XL:     5   Next: 49%
Magic:  5/5        EV:  5    Int:  9    God:    Trog [**....]
Gold:   69         SH:  0    Dex: 12    Spells: 4/4 levels left

rFire    . . .     SeeInvis .   l - +4 quarterstaff (chaos)
rCold    . . .     Faith    .   (shield currently unavailable)
rNeg     . . .     Spirit   .   f - +0 plate armour
rPois    .         Reflect  .   (no helmet)
rElec    .         Harm     .   m - +0 cloak
rCorr    .         Rampage  .   (no gloves)
MR       .....                  (no boots)
Stlth    ..........             (no amulet)
HPRegen  0.20/turn              (no ring)
MPRegen  0.09/turn              (no ring)

@: berserking, very quick
A: spiny 1
a: Berserk, Trog's Hand, Renounce Religion


You were on level 3 of the Dungeon.
You worshipped Trog.
Trog was pleased with you.
You visited 1 branch of the dungeon, and saw 3 of its levels.

You collected 69 gold pieces.

Inventory:

Hand Weapons
 a - a +0 hand axe
 l - a +4 quarterstaff of chaos (weapon)
Armour
 f - a +0 plate armour (worn)
 m - a +0 cloak (worn)
Scrolls
 d - a scroll of identify {unknown}
 e - a scroll of amnesia {unknown}
 g - a scroll of blinking {unknown}
 h - 2 scrolls of teleportation {unknown}
 i - a scroll of magic mapping {unknown}
 j - 2 scrolls of noise {unknown}
 k - a scroll of immolation {unknown}
Potions
 b - a potion of lignification {unknown}
 c - 2 potions of flight {unknown}


   Skills:
 - Level 3.0 Fighting
 + Level 5.7 Axes
 - Level 1.7 Armour
 - Level 1.7 Dodging


You had 4 spell levels left.
You didn't know any spells.
Your spell library was empty.

Dungeon Overview and Level Annotations

Branches:
Dungeon (3/15)

Altars:
Trog
Wu Jian

Annotations:
D:3 Ijyb


Innate Abilities, Weirdness & Mutations

You are partially covered in sharp spines.


Message History

Ijyb screams, "Get away!"
A frilled lizard and a hobgoblin come into view.
The hobgoblin shouts!
You see here a scroll labeled XOOKHIO GYHUSH.
An ooze comes into view.
The ooze quivers.
Ijyb zaps a wand.
The bolt of acid hits you!
You are splashed with acid!
Found 7 gold pieces.
You hit Ijyb. You freeze Ijyb.
Ijyb is lightly wounded.
Ijyb zaps a wand.
The bolt of acid hits you!
* * * LOW HITPOINT WARNING * * *
You are splashed with acid!
* * * LOW HITPOINT WARNING * * *
The frilled lizard bites you but does no damage.
A red film seems to cover your vision as you go berserk!
You feel yourself moving faster!
You feel mighty!
A goblin comes into view. It is wielding a +0 club.
Ijyb zaps a wand.
The bolt of acid hits you!
You die...

·$ ▒·▒▒▒▒▒▒▒
▒·▒ ▒····<··▒
·J·▒▒ ▒▒▒▒▒▒▒·▒
····· ▒
▒·▒·····
···▒▒▒▒·▒··▒
▒▒·····?l··▒
▒······@▒·▒▒
▒·▒▒▒▒·g·······
▒:·········
▒···g···▒·▒▒
▒···········
▒···········
▒▒·····▒▒·▒·
▒▒g···· ··


You could see Ijyb, an ooze, a hobgoblin, a goblin (wandering) and a frilled
lizard.

Vanquished Creatures
  Crazy Yiuf (D:2)
  Terence (D:2)
  4 gnolls (D:2)
  4 adders (D:2)
  2 oozes (D:2)
  A worm (D:2)
  4 dart slugs
  A leopard gecko (D:1)
  6 bats
  7 giant cockroaches
  5 goblins
  6 hobgoblins
  4 jackals
  2 kobolds
  4 frilled lizards
  3 rats
55 creatures vanquished.

Notes
Turn   | Place    | Note
-------+----------+-------------------------------------------
     0 | D:1      | Azzok the Demonspawn Berserker began the quest for the Orb.
     0 | D:1      | Reached XP level 1. HP: 18/18 MP: 1/1
   185 | D:1      | Reached skill level 3 in Axes
   215 | D:1      | Gained mutation: You are partially covered in sharp spines.
                  | [demonic ancestry]
   215 | D:1      | Reached XP level 2. HP: 21/24 MP: 2/2
   834 | D:1      | Reached XP level 3. HP: 29/29 MP: 3/3
   958 | D:1      | Reached skill level 4 in Axes
   962 | D:1      | Reached ** piety under Trog
  1606 | D:2      | Reached XP level 4. HP: 30/35 MP: 4/4
  1674 | D:2      | Found an ornate altar of the Wu Jian Council.
  1817 | D:2      | Found a runed translucent door.
  1818 | D:2      | Noticed Crazy Yiuf
  1897 | D:2      | Reached skill level 5 in Axes
  2046 | D:2      | Reached XP level 5. HP: 37/41 MP: 5/5
  2140 | D:2      | Found a bloodstained altar of Trog.
  2194 | D:2      | Noticed Terence
  2209 | D:2      | Killed Terence
  2461 | D:2      | Killed Crazy Yiuf
  2778 | D:3      | Noticed Ijyb
  2783 | D:3      | Killed from afar by Ijyb

Illustrated notes

Levels and vault maps discovered:
D:1:      sevenhm_arrival_forest_fort_large_4, layout_loops_ring,
          serial_co_window_serial, co_window_paths_a, co_window_paths_a,
          co_window_paths_b, co_window_paths_a, co_window_paths_a,
          co_window_corner_a, co_window_corner_a, co_window_of_opportunity_c,
          co_window_corner_cb, co_window_of_opportunity_b, co_window_2corner,
          co_window_unsneaky_path_e, co_window_4corner_b, glass_columns_b,
          glass_columns_a, glass_columns_a, glass_columns_b
D:2:      layout_basic, lemuel_round_altar, lemuel_crystal_altar, uniq_terence,
          uniq_crazy_yiuf_cottage
D:3:      layout_loops_cross, grunt_qazlal_sundering, hangedman_decor_slide_cut,
          uniq_ijyb

Skill      XL: |  1  2  3  4 |
---------------+-------------+-----
Axes           | 3 4 5 |  5.7
Fighting       | |  3.0
Armour         | |  1.7
Dodging        | |  1.7

Action                   |  1- 3 |  4- 6 || total
-------------------------+-------+-------++-------
Melee: Hand axe          |    89 |    61 ||   150
       Quarterstaff      |       |     1 ||     1
Invok: Berserk           |       |     2 ||     2
Armor: Animal skin       |     7 |       ||     7
       Plate armour      |    33 |    43 ||    76
Dodge: Dodged            |    30 |    13 ||    43

Table legend: (Time is in decaauts)
 A = Elapsed time spent in this place.
 B = Non-inter-level travel time spent in this place.
 C = Inter-level travel time spent in this place.
 D = Time resting spent in this place.
 E = Time spent auto-exploring this place.
 F = Levels seen in this place.
 G = Mean time per level.
                   A        B        C        D        E       F      G
               +--------+--------+--------+--------+--------+-----+--------+
         Total |   2800 |   2755 |     45 |      0 |   2369 |   3 |  933.3 |
       Dungeon |   2800 |   2755 |     45 |      0 |   2369 |   3 |  933.3 |
               +--------+--------+--------+--------+--------+-----+--------+

Top non-repeatable levels by time:
     D:2: 1438 daAuts
     D:1: 1353 daAuts
     D:3: 8 daAuts
